 Dungeon Crawl Stone Soup version 0.28.0-43-g3370ac3207 (webtiles) character file.

Game seed: 8180117564666726435

33 RascalDebosk the Gusty (level 3, -1/26 HPs)
             Began as a Draconian Air Elementalist on Mar 7, 2022.
             Slain by an adder (3 damage)
             ... on level 2 of the Dungeon.
             The game lasted 00:12:05 (1341 turns).

RascalDebosk the Gusty (Draconian Air Elementalist) Turns: 1341, Time: 00:12:05

Health: -1/26      AC:  5    Str: 10    XL:     3   Next: 12%
Magic:  1/6        EV: 12    Int: 17    God:
Gold:   21         SH:  0    Dex: 11    Spells: 3/6 levels left

rFire   . . .      SeeInvis .   a - +0 club
rCold   . . .      Faith    .   (no shield)
rNeg    . . .      Spirit   .   (armour unavailable)
rPois   .          Reflect  .   (helmet restricted)
rElec   .          Harm     .   (no cloak)
rCorr   .          Rampage  .   (no gloves)
Will    .....                   (no boots)
Stlth   ++........              (no amulet)
HPRegen 0.08/turn               (no ring)
MPRegen 0.10/turn               (no ring)

@: lethally poisoned (-1 -> -3)
A: AC +5, unfitting armour, cold-blooded
a: no special abilities


You were on level 2 of the Dungeon.
You visited 1 branch of the dungeon, and saw 2 of its levels.

You collected 21 gold pieces.

Inventory:

Hand Weapons
 a - a +0 club (weapon)
Scrolls
 d - a scroll of fog {unknown}
 e - a scroll of fear {unknown}
 f - a scroll of immolation {unknown}
Potions
 b - a potion of lignification {unknown}
 c - a potion of flight {unknown}


   Skills:
 + Level 2.1 Dodging
 + Level 2.2 Stealth
 + Level 2.3 Spellcasting
 + Level 1.6 Conjurations
 + Level 3.2 Air Magic


You had 3 spell levels left.
You knew the following spells:

 Your Spells              Type           Power      Damage    Failure   Level
a - Shock                 Conj/Air       40%        1d5       7%          1
b - Static Discharge      Conj/Air       10%        N/A       11%         2

Your spell library contained the following spells:

 Spells                   Type           Power      Damage    Failure   Level
 Swiftness                Air            13%        N/A       14%         3
 Airstrike                Air            6%         N/A       43%         4


Dungeon Overview and Level Annotations

Branches:
Dungeon (2/15)

Altars:


Innate Abilities, Weirdness & Mutations

Your plain brown scales are hard. (AC +5)
You cannot fit into any form of body armour.
You are cold-blooded and may be slowed by cold attacks.


Message History

The adder bites you but does no damage. x2
You closely miss the adder.
The adder is almost dead.
The adder bites you.
You are poisoned.
The adder poisons you! The adder bites you but does no damage.
The adder barely misses you. The bat hits you but does no damage.
The adder closely misses you.
You barely miss the adder.
The adder is severely wounded.
You feel sick. The bat hits you but does no damage.
The adder closely misses you. The adder bites you but does no damage.
The adder barely misses you.
You closely miss the adder.
The adder is severely wounded.
You feel sick. The bat hits you but does no damage. The adder misses you.
The adder barely misses you. The adder closely misses you.
You miss the adder.
The adder is severely wounded.
You feel sick. The bat hits you but does no damage. The adder bites you.
You are lethally poisoned!
The adder poisons you! The adder bites you but does no damage.
The adder barely misses you. The adder bites you but does no damage.
You hit the adder.
Your tail-slap misses the adder.
The adder is almost dead.
* * * LOW HITPOINT WARNING * * *
You feel very sick. The bat misses you. The adder barely misses you. x2
The adder bites you but does no damage.
You barely miss the adder.
The adder is almost dead.
* * * LOW HITPOINT WARNING * * *
You feel sick. The bat hits you but does no damage.
The adder barely misses you. The adder closely misses you.
The adder barely misses you.
You closely miss the adder.
The adder is almost dead.
* * * LOW HITPOINT WARNING * * *
You feel sick. The bat barely misses you. The adder bites you.
You die...

..?....# ......#
#.....# #.....#
######.....#
##....b.....##
##......).....##
#....@.........#
#....SS........##
#.........<.....#
.....................#
###................#.#
b.................## #
......#..!.......##
......######.###...
...... #.# ##.


You could see 2 adders and a bat.

Vanquished Creatures
  4 dart slugs
  3 ball pythons (D:1)
  A bat (D:1)
  4 endoplasms
  A goblin (D:1)
  3 hobgoblins (D:1)
  3 kobolds (D:1)
  A quokka (D:1)
  2 frilled lizards (D:1)
  A rat (D:1)
23 creatures vanquished.

Vanquished Creatures (others)
  A plant (D:1)
1 creature vanquished.

Grand Total: 24 creatures vanquished

Notes
Turn   | Place    | Note
-------+----------+-------------------------------------------
     0 | D:1      | RascalDebosk the Draconian Air Elementalist began the quest
                  | for the Orb.
     0 | D:1      | Reached XP level 1. HP: 14/14 MP: 3/3
   320 | D:1      | Reached XP level 2. HP: 20/20 MP: 1/5
   421 | D:1      | Learned a level 2 spell: Static Discharge
  1301 | D:2      | Reached XP level 3. HP: 26/26 MP: 2/6
  1341 | D:2      | Slain by an adder

Illustrated notes

Levels and vault maps discovered:
D:1:      kennysheep_arrival_seaside, layout_basic, minmay_misc_feat_ornament
D:2:      layout_rooms, uniq_terence

Skill      XL: |  1  2 |
---------------+-------+-----
Stealth        | 2 |  2.2
Dodging        | 2 |  2.1
Spellcasting   | |  2.3
Conjurations   | |  1.6
Air Magic      | |  3.2

Action                   || total
-------------------------++-------
Melee: Unarmed           ||    19
       Club              ||    25
       Tailslap          ||     3
 Cast: Shock             ||    39
       Static Discharge  ||     1
Armor: Skin              ||    27
Dodge: Dodged            ||    38
